[ AOE2 MATCH · #484407059 ]
UnrankedGoths vs Burmese
[ REPLAY ANALYSIS · EXTRACTED FROM THE RECORDED GAME ]
Feudal
—
Castle
—
Imperial
—
| APM avg | 56.0 |
| APM peak | 84 |
| eAPM avg | 24.2 |
| Villagers / military | 28 / 0 |
Focus
⚔️ 36.6% · 🌾 63.4%
Feudal
—
Castle
—
Imperial
—
| APM avg | 72.7 |
| APM peak | 110 |
| eAPM avg | 20.1 |
| Villagers / military | 21 / 0 |
Focus
⚔️ 30.7% · 🌾 69.3%
Feudal
—
Castle
—
Imperial
—
| APM avg | 34.7 |
| APM peak | 66 |
| eAPM avg | 14.3 |
| Villagers / military | 17 / 0 |
Focus
⚔️ 43.2% · 🌾 56.8%
Feudal
—
Castle
—
Imperial
—
| APM avg | 52.2 |
| APM peak | 72 |
| eAPM avg | 12.5 |
| Villagers / military | 20 / 0 |
Focus
⚔️ 26.5% · 🌾 73.5%
Feudal
—
Castle
—
Imperial
—
| APM avg | 67.4 |
| APM peak | 120 |
| eAPM avg | 33.2 |
| Villagers / military | 20 / 0 |
Focus
⚔️ 77.5% · 🌾 22.5%
Feudal
—
Castle
—
Imperial
—
| APM avg | 65.9 |
| APM peak | 91 |
| eAPM avg | 33.3 |
| Villagers / military | 29 / 0 |
Focus
⚔️ 36.2% · 🌾 63.8%
Feudal
—
Castle
—
Imperial
—
| APM avg | 53.4 |
| APM peak | 91 |
| eAPM avg | 22.7 |
| Villagers / military | 22 / 0 |
Focus
⚔️ 32.9% · 🌾 67.1%
Feudal
—
Castle
—
Imperial
—
| APM avg | 53.7 |
| APM peak | 67 |
| eAPM avg | 14.0 |
| Villagers / military | 17 / 0 |
Focus
⚔️ 32.4% · 🌾 67.6%
Match map
Initial resources + every placement click. Lines = walls · curves = elevation contours. ◆ gold · ⬟ stone · ● berries · ✦ relic · ◌ wall gap
Your base
Oni.TaToH's base
OGN's base
[R1] 12Tirador's base
Ux'LobodeLaNieve's base
[R1] Pume's base
GdR_Johnny Vacanzieri's base
Moneimon's base
Smoothed initial terrain · ◌ = detected wall gap · hover for details
Inputs per minute
— [R1] Duke PEÑAROL Thompson - - Oni.TaToH
Build order — [R1] Duke PEÑAROL Thompson
58 actions detected in the replay
| 0:00 | Research | Loom |
| 0:01 | Research | Loom |
| 0:02 | Build | House |
| 0:02 | Create | Villager (Male) |
| 0:02 | Create | Villager (Male) |
| 0:02 | Create | Villager (Male) |
| 0:04 | Build | House |
| 0:06 | Create | Villager (Male) |
| 1:34 | Create | Villager (Male) |
| 2:02 | Create | Villager (Male) |
| 2:18 | Build | Palisade Wall |
| 2:19 | Build | Palisade Wall |
| 2:19 | Build | Palisade Wall |
| 2:19 | Build | Palisade Wall |
| 2:20 | Build | Palisade Wall |
| 2:20 | Build | Palisade Wall |
| 2:20 | Build | Palisade Wall |
| 2:20 | Build | Palisade Wall |
| 2:21 | Build | Palisade Wall |
| 2:21 | Build | Palisade Wall |
| 2:21 | Build | Palisade Wall |
| 2:21 | Build | Palisade Wall |
| 2:22 | Build | Palisade Wall |
| 2:22 | Build | Palisade Wall |
| 2:22 | Build | Palisade Wall |
| 2:23 | Build | Palisade Wall |
| 2:23 | Build | Palisade Wall |
| 2:23 | Build | Palisade Wall |
| 2:28 | Create | Villager (Male) |
| 2:32 | Build | Lumber Camp |
| 2:52 | Create | Villager (Male) |
| 2:52 | Create | Villager (Male) |
| 3:06 | Create | Villager (Male) |
| 3:06 | Create | Villager (Male) |
| 3:50 | Create | Villager (Male) |
| 3:50 | Create | Villager (Male) |
| 3:50 | Create | Villager (Male) |
| 3:53 | Build | House |
| 4:18 | Create | Villager (Male) |
| 4:18 | Create | Villager (Male) |
| 4:55 | Build | Palisade Wall |
| 4:56 | Build | Palisade Wall |
| 4:57 | Build | Palisade Wall |
| 5:08 | Create | Villager (Male) |
| 5:13 | Create | Villager (Male) |
| 5:13 | Create | Villager (Male) |
| 5:54 | Create | Villager (Male) |
| 6:10 | Build | Palisade Wall |
| 6:13 | Build | Palisade Wall |
| 6:20 | Create | Villager (Male) |
| 6:27 | Create | Villager (Male) |
| 6:37 | Create | Villager (Male) |
| 6:41 | Create | Villager (Male) |
| 6:53 | Create | Villager (Male) |
| 6:54 | Create | Villager (Male) |
| 7:41 | Build | Town Center |
| 8:27 | Create | Villager (Male) |
| 8:27 | Create | Villager (Male) |
Build order — Oni.TaToH
32 actions detected in the replay
| 0:02 | Create | Villager (Male) ×4 |
| 0:03 | Build | House |
| 0:04 | Build | House |
| 1:45 | Create | Villager (Male) |
| 1:45 | Create | Villager (Male) |
| 1:45 | Create | Villager (Male) |
| 2:05 | Create | Villager (Male) |
| 2:19 | Build | Lumber Camp |
| 2:29 | Create | Villager (Male) |
| 2:45 | Build | Lumber Camp |
| 3:03 | Create | Villager (Male) |
| 3:22 | Create | Villager (Male) |
| 3:39 | Build | House |
| 3:54 | Create | Villager (Male) |
| 4:01 | Build | House |
| 4:24 | Create | Villager (Male) |
| 4:44 | Create | Villager (Male) |
| 4:58 | Research | Loom |
| 4:58 | Create | Villager (Male) |
| 5:25 | Build | Palisade Wall |
| 5:32 | Create | Villager (Male) |
| 5:38 | Build | Palisade Wall |
| 5:39 | Build | Palisade Wall |
| 5:39 | Build | Palisade Wall |
| 5:42 | Create | Villager (Male) |
| 6:03 | Create | Villager (Male) |
| 6:22 | Create | Villager (Male) |
| 6:59 | Create | Villager (Male) |
| 7:18 | Build | House |
| 7:28 | Build | Mill |
| 7:30 | Create | Villager (Male) |
| 8:06 | Build | Farm |
Build order — OGN
22 actions detected in the replay
| 0:00 | Create | Villager (Male) |
| 0:01 | Create | Villager (Male) |
| 0:02 | Build | House |
| 0:02 | Build | House |
| 0:11 | Create | Villager (Male) |
| 0:11 | Create | Villager (Male) |
| 1:31 | Create | Villager (Male) |
| 1:56 | Build | Lumber Camp |
| 2:06 | Create | Villager (Male) |
| 2:30 | Create | Villager (Male) |
| 2:49 | Create | Villager (Male) |
| 3:07 | Create | Villager (Male) |
| 3:40 | Create | Villager (Male) |
| 3:57 | Create | Villager (Male) |
| 4:14 | Create | Villager (Male) |
| 4:22 | Create | Villager (Male) |
| 4:36 | Create | Villager (Male) |
| 4:39 | Research | Loom |
| 4:40 | Build | House |
| 4:42 | Create | Villager (Male) |
| 4:42 | Create | Villager (Male) |
| 4:42 | Create | Villager (Male) |
Build order — [R1] 12Tirador
26 actions detected in the replay
| 0:00 | Create | Villager (Male) |
| 0:00 | Create | Villager (Male) |
| 0:01 | Create | Villager (Male) |
| 0:02 | Build | House |
| 0:03 | Build | House |
| 0:06 | Create | Villager (Male) |
| 1:26 | Create | Villager (Male) |
| 1:46 | Create | Villager (Male) |
| 2:12 | Create | Villager (Male) |
| 2:47 | Create | Villager (Male) |
| 2:48 | Create | Villager (Male) |
| 3:01 | Build | Settlement |
| 3:15 | Create | Villager (Male) |
| 3:41 | Create | Villager (Male) |
| 3:53 | Create | Villager (Male) |
| 4:03 | Create | Villager (Male) |
| 4:03 | Create | Villager (Male) |
| 4:42 | Create | Villager (Male) |
| 4:56 | Create | Villager (Male) |
| 5:09 | Create | Villager (Male) |
| 5:23 | Build | Settlement |
| 5:24 | Create | Villager (Male) |
| 5:42 | Create | Villager (Male) |
| 7:08 | Create | Villager (Male) |
| 7:15 | Build | Settlement |
| 7:57 | Research | Feudal Age |
Build order — Ux'LobodeLaNieve
32 actions detected in the replay
| 0:01 | Create | Villager (Male) |
| 0:01 | Create | Villager (Male) |
| 0:02 | Create | Villager (Male) |
| 0:02 | Build | House |
| 0:03 | Build | House |
| 0:07 | Create | Villager (Male) |
| 0:07 | Create | Villager (Male) |
| 1:24 | Create | Villager (Male) |
| 1:24 | Create | Villager (Male) |
| 1:51 | Build | Lumber Camp |
| 1:52 | Create | Villager (Male) |
| 1:52 | Create | Villager (Male) |
| 2:16 | Create | Villager (Male) |
| 3:04 | Create | Villager (Male) |
| 3:07 | Create | Villager (Male) |
| 3:38 | Create | Villager (Male) |
| 4:01 | Build | House |
| 4:02 | Build | House |
| 4:08 | Build | House |
| 4:15 | Create | Villager (Male) |
| 4:19 | Create | Villager (Male) |
| 4:20 | Build | Palisade Wall |
| 4:23 | Create | Villager (Male) |
| 4:24 | Create | Villager (Male) |
| 4:25 | Create | Villager (Male) |
| 4:55 | Create | Villager (Male) |
| 4:56 | Create | Villager (Male) |
| 5:18 | Build | Mill |
| 5:37 | Build | Palisade Wall |
| 6:01 | Build | Palisade Wall |
| 6:04 | Research | Loom |
| 6:42 | Research | Feudal Age |
Build order — [R1] Pume
42 actions detected in the replay
| 0:01 | Create | Villager (Male) |
| 0:01 | Create | Villager (Male) |
| 0:02 | Build | House |
| 0:02 | Create | Villager (Male) |
| 0:04 | Build | House |
| 0:06 | Create | Villager (Male) |
| 1:31 | Create | Villager (Male) |
| 2:11 | Create | Villager (Male) |
| 2:37 | Create | Villager (Male) |
| 2:59 | Create | Villager (Male) |
| 3:09 | Create | Villager (Male) |
| 3:29 | Create | Villager (Male) |
| 3:37 | Create | Villager (Male) |
| 3:56 | Build | Lumber Camp |
| 4:25 | Create | Villager (Male) |
| 4:27 | Create | Villager (Male) |
| 4:31 | Create | Villager (Male) |
| 4:46 | Build | House |
| 4:52 | Create | Villager (Male) |
| 5:00 | Build | Palisade Wall |
| 5:04 | Research | Loom |
| 5:06 | Create | Villager (Male) |
| 5:07 | Build | Palisade Wall |
| 5:10 | Create | Villager (Male) |
| 5:11 | Build | Palisade Wall |
| 5:16 | Create | Villager (Male) |
| 5:17 | Create | Villager (Male) |
| 5:27 | Create | Villager (Male) |
| 5:32 | Build | House |
| 5:38 | Build | House |
| 5:44 | Create | Villager (Male) |
| 5:52 | Build | Palisade Wall |
| 6:00 | Create | Villager (Male) |
| 6:05 | Build | Palisade Gate |
| 6:56 | Create | Villager (Male) |
| 6:59 | Build | Mill |
| 7:15 | Create | Villager (Male) |
| 7:45 | Create | Villager (Male) |
| 7:56 | Create | Villager (Male) |
| 8:13 | Create | Villager (Male) |
| 8:16 | Create | Villager (Male) |
| 8:32 | Create | Villager (Male) |
Build order — GdR_Johnny Vacanzieri
30 actions detected in the replay
| 0:02 | Build | House |
| 0:03 | Build | House |
| 0:03 | Research | Loom |
| 1:00 | Create | Villager (Male) |
| 1:00 | Create | Villager (Male) |
| 1:24 | Create | Villager (Male) |
| 1:24 | Create | Villager (Male) |
| 1:24 | Create | Villager (Male) |
| 1:50 | Create | Villager (Male) |
| 1:50 | Create | Villager (Male) |
| 2:19 | Create | Villager (Male) |
| 2:19 | Create | Villager (Male) |
| 2:33 | Create | Villager (Male) |
| 2:33 | Create | Villager (Male) |
| 2:55 | Create | Villager (Male) |
| 2:55 | Create | Villager (Male) |
| 3:11 | Create | Villager (Male) |
| 3:11 | Create | Villager (Male) |
| 3:34 | Create | Villager (Male) |
| 3:57 | Create | Villager (Male) |
| 4:04 | Build | Mining Camp |
| 4:39 | Create | Villager (Male) |
| 4:58 | Create | Villager (Male) |
| 5:31 | Build | Palisade Wall |
| 5:32 | Build | Palisade Wall |
| 5:34 | Build | Palisade Wall |
| 5:36 | Build | Palisade Wall |
| 6:23 | Create | Villager (Male) |
| 6:23 | Create | Villager (Male) |
| 6:23 | Create | Villager (Male) |
Build order — Moneimon
26 actions detected in the replay
| 0:00 | Research | Loom |
| 0:02 | Build | House |
| 0:08 | Create | Villager (Male) |
| 0:08 | Create | Villager (Male) |
| 0:08 | Create | Villager (Male) |
| 0:09 | Create | Villager (Male) |
| 0:10 | Build | House |
| 1:26 | Create | Villager (Male) |
| 1:55 | Build | Lumber Camp |
| 2:02 | Create | Villager (Male) |
| 2:03 | Create | Villager (Male) |
| 2:34 | Build | House |
| 2:44 | Create | Villager (Male) |
| 3:10 | Create | Villager (Male) |
| 3:43 | Create | Villager (Male) |
| 4:10 | Create | Villager (Male) |
| 4:32 | Create | Villager (Male) |
| 4:32 | Create | Villager (Male) |
| 4:35 | Create | Villager (Male) |
| 5:15 | Build | Mining Camp |
| 5:46 | Create | Villager (Male) |
| 6:08 | Create | Villager (Male) |
| 6:43 | Create | Villager (Male) |
| 6:46 | Research | Feudal Age |
| 7:37 | Build | Barracks |
| 7:49 | Build | House |
Match timeline
| 2:18 | [R1] Duke PEÑAROL Thompson · wall_segment Palisade Wall x1 |
| 2:19 | [R1] Duke PEÑAROL Thompson · wall_segment Palisade Wall x1 |
| 2:19 | [R1] Duke PEÑAROL Thompson · wall_segment Palisade Wall x1 |
| 2:19 | [R1] Duke PEÑAROL Thompson · wall_segment Palisade Wall x1 |
| 2:20 | [R1] Duke PEÑAROL Thompson · wall_segment Palisade Wall x1 |
| 2:20 | [R1] Duke PEÑAROL Thompson · wall_segment Palisade Wall x1 |
| 2:20 | [R1] Duke PEÑAROL Thompson · wall_segment Palisade Wall x1 |
| 2:20 | [R1] Duke PEÑAROL Thompson · wall_segment Palisade Wall x1 |
| 2:21 | [R1] Duke PEÑAROL Thompson · wall_segment Palisade Wall x1 |
| 2:21 | [R1] Duke PEÑAROL Thompson · wall_segment Palisade Wall x1 |
| 2:21 | [R1] Duke PEÑAROL Thompson · wall_segment Palisade Wall x1 |
| 2:21 | [R1] Duke PEÑAROL Thompson · wall_segment Palisade Wall x2 |
| 2:22 | [R1] Duke PEÑAROL Thompson · wall_segment Palisade Wall x1 |
| 2:22 | [R1] Duke PEÑAROL Thompson · wall_segment Palisade Wall x1 |
| 2:22 | [R1] Duke PEÑAROL Thompson · wall_segment Palisade Wall x2 |
| 2:23 | [R1] Duke PEÑAROL Thompson · wall_segment Palisade Wall x1 |
| 2:23 | [R1] Duke PEÑAROL Thompson · wall_segment Palisade Wall x2 |
| 2:23 | [R1] Duke PEÑAROL Thompson · wall_segment Palisade Wall x1 |
| 4:20 | Ux'LobodeLaNieve · wall_segment Palisade Wall x1 |
| 4:55 | [R1] Duke PEÑAROL Thompson · wall_segment Palisade Wall x1 |
| 4:56 | [R1] Duke PEÑAROL Thompson · wall_segment Palisade Wall x1 |
| 4:57 | [R1] Duke PEÑAROL Thompson · wall_segment Palisade Wall x1 |
| 5:00 | [R1] Pume · wall_segment Palisade Wall x1 |
| 5:07 | [R1] Pume · wall_segment Palisade Wall x1 |
| 5:11 | [R1] Pume · wall_segment Palisade Wall x1 |
| 5:25 | Oni.TaToH · wall_segment Palisade Wall x1 |
| 5:31 | GdR_Johnny Vacanzieri · wall_segment Palisade Wall x1 |
| 5:32 | GdR_Johnny Vacanzieri · wall_segment Palisade Wall x1 |
| 5:34 | GdR_Johnny Vacanzieri · wall_segment Palisade Wall x1 |
| 5:34 | OGN · resign |
| 5:36 | GdR_Johnny Vacanzieri · wall_segment Palisade Wall x1 |
| 5:37 | Ux'LobodeLaNieve · wall_segment Palisade Wall x5 |
| 5:38 | Oni.TaToH · wall_segment Palisade Wall x1 |
| 5:39 | Oni.TaToH · wall_segment Palisade Wall x1 |
| 5:39 | Oni.TaToH · wall_segment Palisade Wall x1 |
| 5:52 | [R1] Pume · wall_segment Palisade Wall x1 |
| 6:01 | Ux'LobodeLaNieve · wall_segment Palisade Wall x3 |
| 6:10 | [R1] Duke PEÑAROL Thompson · wall_segment Palisade Wall x1 |
| 6:13 | [R1] Duke PEÑAROL Thompson · wall_segment Palisade Wall x1 |
| 7:37 | Moneimon · first_building Barracks |
[ AI ANALYSIS · 1 CREDIT ]
What really happened in this match?
Wolo.gg analyzes every decision: build order, eco, micro, common mistakes by bracket. Personalized analysis on WhatsApp or Discord in 30 seconds.
Civ guide
Goths
Perfil
Duke Thompson